 Dungeon Crawl Stone Soup version 0.30-a0-358-g0d69a1922f (webtiles) character file.

Game seed: 12066557639513314915

37410 koil the Fighter (level 13, 0/106 HPs)
             Began as a Vampire Enchanter on Nov 10, 2022.
             Was an Elder of Makhleb.
             Slain by a dream sheep (2 damage)
             ... on level 4 of the Lair of Beasts on Nov 11, 2022.
             The game lasted 01:47:29 (17108 turns).

koil the Fighter (Vampire Enchanter)               Turns: 17108, Time: 01:47:30

Health: 0/106      AC:  9    Str:  4    XL:     13   Next: 58%
Magic:  26/27      EV: 19    Int: 23    God:    Makhleb [****..]
Gold:   1019       SH:  0    Dex: 14    Spells: 21/32 levels left

rFire   . . .      SeeInvis +    a - +3 dagger (venom)
rCold   . . .      Faith    .    (no shield)
rNeg    . . .      Spirit   .    r - +2 leather armour "Radir" {rElec Will++ Str-3}
rPois   .          Reflect  .    x - +0 helmet
rElec   +          Harm     .    D - +1 cloak
rCorr   .          Rampage  .    P - +0 pair of gloves
Will    ++++.                    (no boots)
Stlth   ++++......               m - amulet of regeneration
HPRegen 1.37/turn                B - +4 ring of evasion
MPRegen 0.20/turn                E - ring of willpower

@: lethally poisoned (0 -> -1), healing quickly
A: alive, fangs 3, see invisible, vampiric 2
a: Exsanguinate, Renounce Religion, Minor Destruction, Lesser Servant of
Makhleb, Major Destruction


You were on level 4 of the Lair of Beasts.
You worshipped Makhleb.
Makhleb was greatly pleased with you.
You visited 3 branches of the dungeon, and saw 16 of its levels.

You collected 1084 gold pieces.
You spent 65 gold pieces at shops.

Inventory:

Hand Weapons
 a - a +3 dagger of venom (weapon)
 b - a +0 arbalest
 l - a +5 short sword of freezing
 s - a +3 dagger
 J - a +0 sling of freezing
Missiles
 y - 2 throwing nets {!f}
 F - 39 poisoned darts (quivered)
 L - 6 atropa-tipped darts
Armour
 r - the +2 leather armour "Radir" (worn) {rElec Will++ Str-3}
   (You found it on level 3 of the Dungeon)

   Str:       It affects your strength (-3).
   rElec:     It insulates you from electricity.
   Will:      It greatly increases your willpower.
 x - a +0 helmet (worn)
 D - a +1 cloak (worn)
 H - a scarf of repulsion
 P - a +0 pair of gloves (worn)
Jewellery
 m - an amulet of regeneration (around neck)
 B - a +4 ring of evasion (left hand)
 E - a ring of willpower (right hand)
 G - a ring of wizardry
 K - an amulet of reflection
 N - a +6 ring of strength
 O - a +6 ring of dexterity
 Q - an amulet of the acrobat
Wands
 e - a wand of roots (9)
 t - a wand of flame (42)
 z - a wand of digging (1)
Scrolls
 f - 6 scrolls of teleportation
 g - a scroll of blinking
 h - 2 scrolls of identify
 i - 3 scrolls of immolation
 k - 8 scrolls of enchant weapon
 p - 3 scrolls of vulnerability
 v - 2 scrolls of magic mapping
 w - a scroll of fear
 A - a scroll of enchant armour
Potions
 c - 3 potions of invisibility
 d - 3 potions of flight
 j - 3 potions of haste
 n - 8 potions of curing
 o - a potion of might
 q - 5 potions of lignification
 u - 5 potions of heal wounds
 C - 3 potions of cancellation
 I - a potion of ambrosia
 M - 3 potions of berserk rage


   Skills:
 + Level 11.5 Fighting
 - Level 10.0 Short Blades
 - Level 3.0 Ranged Weapons
 - Level 2.0 Armour
 - Level 10.0 Dodging
 - Level 8.0 Stealth
 - Level 10.2 Spellcasting
 + Level 1.3 Conjurations
 + Level 10.0 Hexes
 - Level 3.0 Fire Magic
 + Level 1.9 Ice Magic
 - Level 3.2 Poison Magic
 - Level 4.0 Invocations


You had 21 spell levels left.
You knew the following spells:

 Your Spells              Type           Power      Damage    Failure   Level
a - Ensorcelled Hibernat  Hex/Ice        78%        N/A       1%          2
b - Confusing Touch       Hex            55%        N/A       1%          3
c - Inner Flame           Hex/Fire       41%        N/A       1%          3
d - Spider Form           Tmut/Pois      19%        N/A       14%         3

Your spell library contained the following spells:

 Spells                   Type           Power      Damage    Failure   Level
 Tukima's Dance           Hex            55%        N/A       1%          3
 Cause Fear               Hex            27%        N/A       1%          4
 Dazzling Flash           Conj/Hex       76%        N/A       2%          3
 Magic Dart               Conj           72%        1d6       5%          1
 Searing Ray              Conj           36%        2d5       9%          2
 Fulminant Prism          Conj/Hex       19%        3d10      9%          4
 Ignite Poison            Fire/Tmut/Pois 21%        N/A       12%         3
 Anguish                  Hex/Necr       17%        N/A       12%         4
 Frozen Ramparts          Ice            40%        1d7       13%         3
 Ozocubu's Armour         Ice            20%        N/A       13%         3
 Hailstorm                Conj/Ice       19%        3d6       14%         3
 Kindle Blastsparks       Fire/Tloc/Air  32%        2d12      19%         3
 Metabolic Englaciation   Hex/Ice        19%        N/A       22%         5
 Gell's Gravitas          Tloc           11%        N/A       28%         3
 Teleport Other           Tloc           11%        N/A       28%         3
 Summon Mana Viper        Hex/Summ       34%        N/A       34%         5
 Sticky Flame             Conj/Fire      21%        2d4       36%         4
 Ice Form                 Ice/Tmut       16%        N/A       54%         4
 Summon Ice Beast         Ice/Summ       16%        N/A       54%         4
 Freezing Cloud           Conj/Ice/Air   8%         6-21      86%         5
 Dispersal                Tloc           5%         N/A       100%        6
 Simulacrum               Ice/Necr       8%         N/A       100%        6
 Monstrous Menagerie      Summ           5%         N/A       100%        7
 Discord                  Hex            27%        N/A       100%        8
 Ignition                 Fire           12%        3d6       100%        8


Dungeon Overview and Level Annotations

Branches:
Dungeon (11/15)            Temple (1/1) D:7            Lair (4/5) D:10
  Swamp (0/4) Lair:3        Snake (0/4) Lair:2          Orc (0/2) D:10
  Slime: Lair:4-5

Altars:
Ashenzari
Cheibriados
Dithmenos
Fedhas
Gozag
Hepliaklqana
Kikubaaqudgha
Makhleb
Nemelex Xobeh
Okawaru
Qazlal
Ru
Sif Muna
Trog
Uskayaw
Vehumet
Wu Jian
Xom
Yredelemnul

Shops:
D:7 **((   D:9 *


Innate Abilities, Weirdness & Mutations

Your natural rate of healing is accelerated.
You have razor-sharp teeth.
You have supernaturally acute eyesight. (SInv)
You are afflicted with vampirism and can become a bat while bloodless.


Message History

The dream sheep are wreathed in dream dust.
You feel drowsy...
You fall asleep.
The black mamba bites you!
You wake up.
You are poisoned.
The black mamba poisons you!
You hear a loud, deep croak!
Your +3 dagger of venom begins to drip with poison!
a - a +3 dagger of venom (weapon)
You feel very sick. The dream sheep closely misses you.
You hit the black mamba but do no damage.
The black mamba appears confused.
You bite the black mamba, but do no damage.
The black mamba is moderately wounded.
You feel very sick. The black mamba misses you.
A blink frog comes into view.
You hit the black mamba.
The black mamba is moderately wounded.
You feel sick. The dream sheep closely misses you.
The dream sheep attacks as you move away!
The dream sheep closely misses you.
You feel very sick. The black mamba misses you.
The black mamba barely misses you.
The dream sheep attacks as you move away!
The dream sheep closely misses you.
You feel very sick.
A blink frog comes into view.
You feel sick.
The blink frog blinks!
The dream sheep are wreathed in dream dust.
You feel drowsy...
You fall asleep.
You feel sick.
The black mamba misses the dream sheep.
The black mamba barely misses itself.
You feel sick.
A blink frog comes into view.
The black mamba bites you!!!
You wake up.
* * * LOW HITPOINT WARNING * * *
The blink frog barely misses you. The dream sheep misses you.
The dream sheep bites you.
You die...

.....#### ##...#..
.....# ≈≈≈~~#..
.###..# #...#.F
.###### #...Y.## ..#
##..Y.#### .##
#......#.# ..##
#..YY.Y.## #..#
##..YSF.##
##.#########...Y@...#
##..##.#.#.#...F<...#
#...........'......##
..#.####.####......###
##...##### #.........#
##.#.# ##......###
#..## #......# #...#
##......# #.###
##.#..+###


You could see a black mamba (confused), 3 blink frogs and 7 dream sheep.

Vanquished Creatures
  A hydra (Lair:3)
  7 boulder beetles
  A centaur warrior (D:11)
  2 two-headed ogres
  8 death yaks
  A bog body (Lair:3)
  Pikel (D:4)
  A manticore (D:9)
  A cyclops (D:10)
  9 elephants
  2 black mambas (Lair:4)
  9 cane toads
  Maurice (D:8)
  2 torpor snails (Lair:3)
  A gargoyle (D:10)
  5 rime drakes
  5 komodo dragons
  An unseen horror (D:10)
  2 trolls
  2 polar bears
  A hornet (D:10)
  A slime creature (D:10)
  15 blink frogs
  A shadow (D:10)
  A wraith (D:10)
  6 wyverns
  14 yaks
  2 basilisks
  A steam dragon (Lair:4)
  A vampire mosquito (D:10)
  Edmund (D:6)
  A naga (Lair:2)
  11 water moccasins
  4 orc warriors
  2 ice beasts
  A swamp drake (Lair:4)
  A sky beast (D:7)
  4 black bears
  3 centaurs
  6 wolves (Lair:4)
  3 phantoms
  3 kobold brigands
  12 bullfrogs
  A necrophage (D:6)
  5 scorpions
  17 wights
  9 killer bees
  2 electric eels (D:7)
  A howler monkey (D:10)
  5 hounds
  4 orc priests
  A jelly (D:6)
  Natasha (thrice) (D:2)
  An iguana (D:7)
  Ijyb (D:3)
  7 orc wizards
  Terence (D:2)
  Robin (D:3)
  4 gnolls (D:5)
  7 adders
  2 shadow imps
  2 white imps
  An ufetubus (D:5)
  2 worms (D:2)
  2 dart slugs (D:1)
  24 orcs
  4 bats
  9 endoplasms
  A giant cockroach (D:1)
  19 goblins
  11 hobgoblins
  4 jackals (D:1)
  19 kobolds
  5 quokkas
  4 ball pythons
  4 frilled lizards
  4 rats
  62 fungi
  62 plants
468 creatures vanquished.

Notes
Turn   | Place    | Note
-------+----------+-------------------------------------------
     0 | D:1      | koil the Vampire Enchanter began the quest for the Orb.
     0 | D:1      | Reached XP level 1. HP: 13/13 MP: 3/3
    97 | D:1      | Reached XP level 2. HP: 9/19 MP: 5/5
   154 | D:1      | Learned a level 2 spell: Ensorcelled Hibernation
   451 | D:1      | Gained mutation: You are afflicted with vampirism and can
                  | become a bat while bloodless. [Vampire growth]
   451 | D:1      | Reached XP level 3. HP: 16/25 MP: 3/6
   855 | D:2      | Noticed Terence
   912 | D:2      | Learned a level 3 spell: Confusing Touch
   917 | D:2      | Killed Terence
   918 | D:2      | Reached skill level 1 in Fighting
   918 | D:2      | Reached skill level 5 in Stealth
   918 | D:2      | Reached skill level 5 in Hexes
   999 | D:2      | Reached XP level 4. HP: 32/32 MP: 7/7
  1014 | D:2      | Noticed Natasha
  1046 | D:2      | Killed Natasha
  1256 | D:2      | Noticed Natasha
  1268 | D:2      | Killed Natasha
  1485 | D:2      | Learned a level 3 spell: Inner Flame
  1746 | D:2      | Noticed Natasha
  1775 | D:2      | Killed Natasha
  1776 | D:2      | Reached XP level 5. HP: 35/37 MP: 2/9
  2155 | D:3      | Identified the +2 leather armour "Radir" {rElec Will++
                  | Str-3}
  2197 | D:3      | Noticed Ijyb
  2201 | D:3      | Killed Ijyb
  2462 | D:3      | Noticed Robin
  2560 | D:3      | Killed Robin
  3014 | D:4      | Noticed a phantom
  3049 | D:4      | Killed a phantom
  3050 | D:4      | Reached XP level 6. HP: 44/44 MP: 6/10
  3147 | D:4      | Reached skill level 2 in Fighting
  3206 | D:4      | You fall into a shaft and drop 3 floors!
  3413 | D:5      | Entered Level 5 of the Dungeon
  3633 | D:5      | Noticed Pikel
  3647 | D:4      | Killed Pikel
  3648 | D:4      | Reached XP level 7. HP: 51/51 MP: 8/12
  3836 | D:5      | Reached skill level 3 in Fighting
  3976 | D:5      | Reached XP level 8. HP: 55/58 MP: 4/13
  4066 | D:5      | Found an ornate altar of the Wu Jian Council.
  4069 | D:5      | Found a snail-covered altar of Cheibriados.
  4075 | D:5      | Found a sacrificial altar of Ru.
  4079 | D:5      | Found an ancient bone altar of Kikubaaqudgha.
  4082 | D:5      | Found a bloodstained altar of Trog.
  4207 | D:5      | Found a radiant altar of Vehumet.
  4800 | D:6      | Reached skill level 5 in Dodging
  4907 | D:6      | Noticed Edmund
  4914 | D:6      | Killed Edmund
  4915 | D:6      | Reached skill level 5 in Short Blades
  5323 | D:7      | Reached skill level 4 in Fighting
  5411 | D:7      | Found Riot's Antique Weapon Shop.
  5489 | D:7      | Reached XP level 9. HP: 41/63 MP: 7/16
  5563 | D:7      | Found Rureron's General Store.
  5571 | D:7      | Bought a scroll of identify for 26 gold pieces
  5571 | D:7      | Bought a potion of curing for 39 gold pieces
  5614 | D:7      | Reached skill level 5 in Spellcasting
  5770 | D:7      | Found Leih's Weapon Emporium.
  5905 | D:7      | Found Zakat's General Store.
  5984 | D:7      | Found a staircase to the Ecumenical Temple.
  6132 | D:7      | Reached skill level 1 in Armour
  6423 | Temple   | Entered the Ecumenical Temple
  6430 | Temple   | Became a worshipper of Makhleb the Destroyer
  7157 | D:8      | Noticed Maurice
  7166 | D:8      | Killed Maurice
  7167 | D:8      | Reached skill level 5 in Fighting
  7569 | D:8      | Reached * piety under Makhleb
  7843 | D:9      | Reached XP level 10. HP: 70/72 MP: 19/19
  7884 | D:9      | Found Xateixzy's Demolitions Depot.
  8152 | D:9      | Found a stormy altar of Qazlal.
  8323 | D:9      | Noticed a manticore
  8345 | D:9      | Killed a manticore
  8346 | D:9      | Reached skill level 6 in Fighting
  8557 | D:10     | Entered Level 10 of the Dungeon
  8579 | D:10     | Noticed a two-headed ogre
  8625 | D:10     | Killed a two-headed ogre
  8636 | D:10     | Reached ** piety under Makhleb
  8748 | D:10     | Found a staircase to the Lair.
  9083 | D:10     | Found a shimmering altar of Xom.
  9084 | D:10     | Found a hazy altar of Hepliaklqana.
  9107 | D:10     | Noticed a gargoyle
  9111 | D:10     | Killed a gargoyle
  9395 | D:10     | Reached XP level 11. HP: 59/83 MP: 22/22
  9406 | D:10     | Reached skill level 7 in Fighting
  9466 | D:10     | Noticed a boulder beetle
  9510 | D:10     | HP: 11/84 [yak (13)]
  9511 | D:10     | HP: 2/84 [yak (9)]
  9514 | D:10     | Killed a boulder beetle
  9634 | D:10     | Noticed a boulder beetle
  9647 | D:10     | Killed a boulder beetle
 10010 | D:10     | Found a staircase to the Orcish Mines.
 10148 | D:11     | Noticed a centaur warrior
 10401 | D:11     | Noticed a boulder beetle
 10402 | D:11     | Noticed a boulder beetle
 10418 | D:11     | Killed a boulder beetle
 10418 | D:11     | Killed a boulder beetle
 10418 | D:11     | Reached *** piety under Makhleb
 10678 | D:11     | Noticed a two-headed ogre
 10776 | D:11     | Killed a two-headed ogre
 10777 | D:11     | Reached skill level 8 in Fighting
 10777 | D:11     | Reached skill level 10 in Dodging
 10839 | D:11     | Killed a centaur warrior
 10840 | D:11     | Reached skill level 10 in Short Blades
 11457 | Lair:1   | Entered Level 1 of the Lair of Beasts
 11665 | Lair:1   | Found a blossoming altar of Fedhas.
 11818 | Lair:1   | Reached XP level 12. HP: 93/94 MP: 25/25
 12025 | Lair:1   | Reached skill level 9 in Fighting
 12307 | Lair:1   | Reached skill level 10 in Spellcasting
 12379 | Lair:1   | Reached **** piety under Makhleb
 12448 | Lair:1   | Reached skill level 10 in Fighting
 12452 | Lair:1   | Reached skill level 1 in Invocations
 13127 | Lair:2   | Found a staircase to the Snake Pit.
 13169 | Lair:2   | Noticed a boulder beetle
 13180 | Lair:2   | Killed a boulder beetle
 13584 | Lair:3   | Noticed a six-headed hydra
 13786 | Lair:3   | Noticed a boulder beetle
 13814 | Lair:3   | Killed a boulder beetle
 13815 | Lair:3   | Reached skill level 1 in Ranged Weapons
 14036 | Lair:3   | Found a staircase to the Swamp.
 14069 | Lair:3   | Learned a level 3 spell: Spider Form
 14373 | Lair:3   | Noticed a death yak
 14405 | Lair:3   | Reached skill level 1 in Poison Magic
 14419 | Lair:3   | Noticed a death yak
 14500 | Lair:2   | Killed a death yak
 14501 | Lair:2   | Reached skill level 1 in Fire Magic
 14501 | Lair:2   | Reached XP level 13. HP: 97/105 MP: 27/27
 15265 | Lair:4   | Reached skill level 11 in Fighting
 16001 | Lair:3   | HP: 7/106 [death yak (24)]
 16188 | Lair:3   | HP: 21/106 [death yak (14)]
 16773 | Lair:4   | Reached skill level 1 in Ice Magic
 16813 | Lair:4   | Reached skill level 1 in Conjurations
 16933 | Lair:4   | Reached skill level 10 in Hexes
 17108 | Lair:4   | HP: 2/106 [black mamba (45)]
 17108 | Lair:4   | Slain by a dream sheep

Illustrated notes

Levels and vault maps discovered:
D:1:      dpeg_arrival_rooms_with_view, layout_basic
D:2:      layout_loops_ring, minmay_misc_feat_enclosed, uniq_terence,
          uniq_natasha
D:3:      corexii_shack_village, layout_loops_ring, serial_park_tiny_pond,
          uniq_ijyb, uniq_robin
D:4:      layout_rooms
D:5:      layout_basic, nicolae_overflow_hallway_of_the_gods, uniq_pikel
D:6:      layout_rooms, nrook_uturn, uniq_edmund
D:7:      layout_loops_cross, mainiacjoe_overflow_tiny_flanked,
          minmay_temple_entry_overgrown, serial_shops, nicolae_square_shop,
          shop, nicolae_shop_crystal, shop_coins, kennysheep_cluttered_room
D:8:      layout_basic, uniq_maurice
D:9:      layout_roguey, mainiacjoe_overflow_boulevard, nicolae_blasting_shop
D:10:     nzn_winding_woodlands_medium [nzn_winding_woodlands_5x5_three,
          nzn_winding_woodlands_5x15_pockets, nzn_winding_woodlands_5x5_default,
          nzn_winding_woodlands_5x5_closed_star,
          nzn_winding_woodlands_center_triple_pond,
          nzn_winding_woodlands_5x5_perimeter,
          nzn_winding_woodlands_5x5_open_star,
          nzn_winding_woodlands_5x15_split_checker,
          nzn_winding_woodlands_5x5_default], layout_loops_corners,
          regret_index_temple_of_mockery, due_lair_maze_entry_diamond,
          orc_0_dummy
D:11:     layout_irregular_city
Temple:   nicolae_temple_no_exploring_needed
Lair:1:   layout_loops_ring, basic_altar
Lair:2:   layout_chaotic_city, guppyfry_snake_entry_garden
Lair:3:   layout_layer_cave, skrybe_swamp_entry_bodies
Lair:4:   layout_roguey, chequers_serial_rivers_micro_b, guppyfry_lair_drakes

Skill      XL: |  1  2  3  4  5  6  7  8  9 10 11 12 13 |
---------------+----------------------------------------+-----
Fighting       | 1 2 3 4 5 6 8 10 11 | 11.5
Short Blades   | 2 3 4 5 7 8 10 | 10.0
Stealth        | 5 7 8 |  8.0
Hexes          | 5 6 8 10 | 10.0
Dodging        | 3 4 5 7 8 10 | 10.0
Spellcasting   | 3 4 6 7 9 10 | 10.2
Armour         | 2 |  2.0
Invocations    | 4 |  4.0
Ranged Weapons | 2 3 |  3.0
Poison Magic   | 1 3 |  3.2
Fire Magic     | 1 3 |  3.0
Ice Magic      | 1 |  1.9
Conjurations   | 1 |  1.3

Action                   |  1- 3 |  4- 6 |  7- 9 | 10-12 | 13-15 || total
-------------------------+-------+-------+-------+-------+-------++-------
Melee: Dagger            |    94 |   212 |   319 |   555 |   349 ||  1529
       Bite              |     6 |    21 |    43 |    95 |    68 ||   233
       Punch             |       |     2 |     6 |    10 |     8 ||    26
       Short sword       |       |       |     4 |       |       ||     4
 Fire: Sling             |       |       |    13 |    26 |       ||    39
       Arbalest          |       |       |       |     4 |     6 ||    10
Throw: Dart              |       |       |       |     1 |       ||     1
 Cast: Ensorcelled Hiber |     2 |    16 |    20 |    59 |     7 ||   104
       Confusing Touch   |     1 |     4 |    21 |    43 |    31 ||   100
       Inner Flame       |       |       |     4 |    11 |       ||    15
Evoke: Wand              |       |       |     1 |       |     1 ||     2
  Use: Scroll            |       |       |    19 |     1 |     1 ||    21
       Potion            |       |       |     6 |       |     3 ||     9
 Stab: Sleeping          |    11 |    17 |    19 |    38 |     7 ||    92
       Confused          |     2 |     3 |    16 |    40 |    33 ||    94
       Distracted        |       |       |       |     1 |       ||     1
Armor: Robe              |    18 |       |       |       |       ||    18
       Leather armour    |     4 |    45 |    54 |    81 |    32 ||   216
Dodge: Dodged            |    65 |   104 |   177 |   379 |   197 ||   922

Table legend: (Time is in decaauts)
 A = Elapsed time spent in this place.
 B = Non-inter-level travel time spent in this place.
 C = Inter-level travel time spent in this place.
 D = Time resting spent in this place.
 E = Time spent auto-exploring this place.
 F = Levels seen in this place.
 G = Mean time per level.
                   A        B        C        D        E       F      G
               +--------+--------+--------+--------+--------+-----+--------+
         Total |  16571 |  15466 |   1105 |   1123 |   9642 |  16 | 1035.7 |
       Dungeon |  11126 |  10202 |    924 |    532 |   6836 |  11 | 1011.5 |
        Temple |    103 |    100 |      3 |     51 |      0 |   1 |  103.0 |
          Lair |   5341 |   5164 |    177 |    540 |   2805 |   4 | 1335.2 |
               +--------+--------+--------+--------+--------+-----+--------+

Top non-repeatable levels by time:
  Lair:3: 1773 daAuts
    D:10: 1673 daAuts
     D:2: 1365 daAuts
     D:8: 1293 daAuts
     D:7: 1244 daAuts
  Lair:1: 1207 daAuts
  Lair:2: 1183 daAuts
  Lair:4: 1177 daAuts
     D:5: 961 daAuts
    D:11: 943 daAuts
     D:3: 897 daAuts
     D:6: 818 daAuts
     D:9: 727 daAuts
     D:1: 671 daAuts
     D:4: 530 daAuts
